 Dungeon Crawl Stone Soup version 0.31.0-32-g396128a36d (webtiles) character file.

Game seed: 2193354634390323

723 Trmph the Sneak (level 7, -3/55 HPs)
             Began as a Vine Stalker Brigand on Mar 18, 2024.
             Was an Initiate of Ashenzari.
             Slain by a gnoll
             ... wielding a +0 halberd
             ... led by a gnoll bouda
              (5 damage)
             ... on level 5 of the Dungeon.
             The game lasted 00:05:15 (3296 turns).

Trmph the Sneak (Vine Stalker Brigand)              Turns: 3296, Time: 00:05:17

Health: -3/55      AC: 10    Str: 13    XL:     7   Next: 71%
Magic:  0/11       EV: 11    Int: 13    God:    Ashenzari [......]
Gold:   228        SH:  0    Dex: 16    Spells: 7/10 levels left

rFire   . . .        s - +5 short sword "Ensconced Foul Odours" {freeze, rPois, Melee, Fort} (curse)
rCold   + . .        (no shield)
rNeg    . . .        o - +2 ring mail {rC+}
rPois   +            n - +0 helmet
rElec   .            c - +0 cloak
rCorr   .            (no gloves)
SInv    .            x - +0 pair of boots
Will    .....        (no amulet) Stlth
                     (no ring)
HPRegen 1.09/turn    (no ring)
MPRegen 0.12/turn

%: guardian spirit
@: berserking, very slightly contaminated, very quick
A: fangs 2, regeneration 1, magic shield, antimagic bite, no potion heal 2
a: Renounce Religion, Shatter the Chains


You were on level 5 of the Dungeon.
You worshipped Ashenzari.
Ashenzari was noncommittal.
You visited 2 branches of the dungeon, and saw 6 of its levels.

You collected 228 gold pieces.


Innate Abilities, Weirdness & Mutations

You have extremely sharp teeth.
Your natural rate of healing is unusually fast.
When hurt, damage is shared between your health and your magic reserves.
Your bite disrupts and absorbs the magic of your enemies.
Potions cannot restore your health.


   Skills:
 - Level 4.0 Fighting
 - Level 2.9(3.6) Short Blades
 - Level 2.0(3.1) Long Blades
 - Level 1.7 Throwing
 - Level 3.0 Dodging
 - Level 4.8 Stealth
 - Level 2.0 Spellcasting
 + Level 4.1 Ice Magic


You had 7 spell levels left.
You knew the following spells:

 Your Spells              Type           Power      Damage    Failure   Level
o - Ozocubu's Armour      Ice            12%        N/A       30%         3

Your spell library contained the following spells:

 Spells                   Type           Power      Damage    Failure   Level
 Ensorcelled Hibernation  Hex/Ice        12%        N/A       36%         2
 Foxfire                  Conj/Fire      4%         2x1d4     50%         1
 Summon Small Mammal      Summ           4%         N/A       50%         1
 Summon Ice Beast         Ice/Summ       6%         N/A       58%         3
 Cigotuvi's Dreadful Rot  Necr/Alch/Air  2%         N/A       63%         2
 Call Canine Familiar     Summ           1%         N/A       86%         3
 Passwall                 Erth           1%         N/A       86%         3
 Swiftness                Air            1%         N/A       86%         3
 Ignite Poison            Fire/Alch      1%         N/A       99%         4
 Summon Blazeheart Golem  Fire/Summ      1%         N/A       99%         4
 Freezing Cloud           Conj/Ice/Air   2%         6-21      100%        5
 Metabolic Englaciation   Hex/Ice        3%         N/A       100%        5
 Summon Mana Viper        Hex/Summ       1%         N/A       100%        5
 Plasma Beam              Fire/Air       0%         2x1d10    100%        6
 Sculpt Simulacrum        Ice/Alch       3%         N/A       100%        6
 Starburst                Conj/Fire      0%         6d3       100%        6
 Monstrous Menagerie      Summ           0%         N/A       100%        7

Inventory:

Hand Weapons
 j - the +9 long sword "Hydrabane" {drain, Will- Dex+6}
   (You found it on level 2 of the Dungeon)

   Dex+6:     It affects your dexterity (+6).
   Will-:     It decreases your willpower.
 s - the cursed +5 short sword "Ensconced Foul Odours" (weapon) {freeze, rPois, Melee, Fort}
   (You found it on level 3 of the Dungeon)

   rPois:     It protects you from poison It has a curse which improves the
   following skills: Melee Combat: Short Blades, Long Blades, Axes, Maces &
   Flails, Polearms, Staves and Unarmed Combat.
   Fortitude: Armour and Shields.
Missiles
 d - 15 poisoned darts (quivered)
 e - 3 curare-tipped darts {=f}
Armour
 b - a +0 robe
 c - a +0 cloak (worn)
 n - a +0 helmet (worn)
 o - a +2 ring mail of cold resistance (worn)
 x - a +0 pair of boots (worn)
Magical Staves
 g - a staff of alchemy {!a}
 y - a staff of fire {!a}
Jewellery
 F - a ring of fire
Wands
 q - a wand of iceblast (7)
Scrolls
 h - 2 scrolls of identify {unknown}
 k - 2 scrolls of poison {unknown}
 l - 2 scrolls of fear {unknown}
 t - a scroll of teleportation {unknown}
 u - 3 scrolls of butterflies {unknown}
 w - a scroll of enchant weapon {unknown}
Potions
 a - a potion of resistance {unknown}
 f - a potion of heal wounds {unknown}
 i - a potion of berserk rage {!q}
 m - a potion of mutation {unknown}
 p - a potion of haste {unknown}
 r - a potion of magic {unknown}
 v - 2 potions of attraction {unknown}

Dungeon Overview and Level Annotations

Branches:
Dungeon (5/15)             Temple (1/1) D:4

Altars:
Ashenzari
Cheibriados
Elyvilon
Fedhas
Gozag
Hepliaklqana
Kikubaaqudgha
Makhleb
Nemelex Xobeh
Ru
Sif Muna
Trog
Uskayaw
Vehumet
Wu Jian
Xom
Yredelemnul
Zin

.##............
.##.................
###................#
#.................#
#.................#
#................###
#....#..............###
#...##..........)g....##
#..# #..........@)g.....
..# ##.........gg......
..# #.........###.....
.# ####....### ...( .#
###### ............ ##
........... # #.........
# #........
######........


You could see a gnoll bouda and 3 gnolls.


Message History

The gnoll bouda hits you with a +0 club.
The gnoll barely misses you. The gnoll closely misses you.
The gnoll hits you with a +0 club.
You puncture the gnoll! You freeze the gnoll.
You kill the gnoll!
The gnoll hits you but does no damage.
The gnoll bouda hits you but does no damage.
The gnoll hits you from afar with a +0 halberd.
* * * LOW HITPOINT WARNING * * *
The gnoll hits you with a +0 whip.
* * * LOW HITPOINT WARNING * * *
Casting: Ozocubu's Armour (quite dangerous; 30% risk of failure)
Confirm with . or Enter, or press ? or * to list all spells.
You miscast Ozocubu's Armour.
You are very lightly contaminated with residual magic.
Nothing appears to happen.
The gnoll hits you but does no damage.
The gnoll bouda hits you with a +0 club!
* * * LOW HITPOINT WARNING * * *
The gnoll barely misses you. The gnoll hits you with a +0 whip.
* * * LOW HITPOINT WARNING * * *
Okay, then.
Okay, then.
Unknown command.
It was a potion of berserk rage.
A red film seems to cover your vision as you go berserk!
You feel yourself moving faster!
You feel mighty! The gnoll barely misses you.
The gnoll bouda hits you with a +0 club.
* * * LOW HITPOINT WARNING * * *
The gnoll hits you from afar with a +0 halberd.
You die...

Skill      XL: |  1  2  3  4  5  6  7 |
---------------+----------------------+-----
Fighting       | 2 3 4 |  4.0
Short Blades   | 2 |  2.9
Long Blades    | 2 |  2.0
Dodging        | 3 |  3.0
Spellcasting   | 2 |  2.0
Ice Magic      | 4 |  4.1
Throwing       | |  1.7
Stealth        | |  4.8

Action                     |  1- 3 |  4- 6 |  7- 9 || total
---------------------------+-------+-------+-------++-------
  Melee: Dagger            |    96 |    22 |       ||   118
         Bite              |    20 |    25 |     7 ||    52
         Punch             |     1 |     1 |       ||     2
         Long sword        |       |     5 |       ||     5
         Short sword       |       |    53 |    40 ||    93
 Invoke: Curse Item        |       |       |     1 ||     1
    Use: Potion            |       |       |     1 ||     1
   Stab: Sleeping          |     8 |     3 |     3 ||    14
         Distracted        |     1 |       |       ||     1
 Armour: Robe              |    53 |    14 |       ||    67
         Ring mail         |       |    40 |    38 ||    78
  Dodge: Dodged            |    52 |    44 |    23 ||   119

Levels and vault maps discovered:
D:1:      scummos_arrival_checkerplants, layout_basic
D:2:      layout_basic, basic_ecumenical_altar, serial_rivers,
          chequers_serial_rivers_large_b, chequers_serial_rivers_micro_a,
          chequers_serial_rivers_small_b, chequers_serial_rivers_micro_a,
          chequers_serial_rivers_marsh, minivault_24, st_stairs_12
D:3:      minmay_evil_eye, layout_basic, nrook_campfire,
          hangedman_decor_opposing, uniq_grinder, uniq_jessica
D:4:      layout_gridville, minmay_temple_entry_arrows
D:5:      layout_cave_pods, uniq_sigmund
Temple:   dpeg_three_leaves_temple

Notes
Turn   | Place    | Note
-------+----------+-------------------------------------------
     0 | D:1      | Trmph the Vine Stalker Brigand began the quest for the Orb.
     0 | D:1      | Reached XP level 1. HP: 11/11 MP: 2/2
    56 | D:1      | Reached skill level 2 in Fighting
   138 | D:1      | Reached XP level 2. HP: 16/16 MP: 3/3
   349 | D:1      | Reached skill level 3 in Fighting
   422 | D:1      | Reached XP level 3. HP: 20/20 MP: 4/4
   486 | D:1      | Reached skill level 2 in Short Blades
   949 | D:2      | Identified the +9 long sword "Hydrabane" {drain, Will-
                  | Dex+6}
  1020 | D:2      | Reached XP level 4. HP: 24/24 MP: 5/5
  1132 | D:2      | Found a faded altar of an unknown god.
  1245 | D:2      | Reached skill level 1 in Long Blades
  1649 | D:3      | Noticed Jessica
  1656 | D:3      | Killed Jessica
  1686 | D:3      | Reached skill level 2 in Long Blades
  1769 | D:3      | Identified the +5 short sword of Xuruxukk {freeze, rPois}
  2114 | D:3      | Reached XP level 5. HP: 28/28 MP: 6/6
  2140 | D:3      | Reached skill level 1 in Dodging
  2279 | D:3      | Noticed Grinder
  2292 | D:3      | Killed Grinder
  2293 | D:3      | Reached skill level 3 in Dodging
  2293 | D:3      | Reached skill level 2 in Spellcasting
  2293 | D:3      | Reached XP level 6. HP: 26/32 MP: 6/10
  2297 | D:3      | Learned a level 3 spell: Ozocubu's Armour
  2701 | D:4      | Found a staircase to the Ecumenical Temple.
  2718 | Temple   | Entered the Ecumenical Temple
  2734 | Temple   | Became a worshipper of Ashenzari the Shackled
  2838 | D:4      | Reached skill level 4 in Fighting
  2838 | D:4      | Reached XP level 7. HP: 31/37 MP: 6/11
  2940 | D:4      | Reached skill level 1 in Ice Magic
  3005 | D:4      | Reached skill level 2 in Ice Magic
  3099 | D:4      | Reached skill level 3 in Ice Magic
  3145 | D:5      | Entered Level 5 of the Dungeon
  3266 | D:5      | Reached skill level 4 in Ice Magic
  3295 | D:5      | HP: 2/37 [gnoll/+0 whip[a gnoll bouda] (3)]
  3296 | D:5      | Slain by a gnoll

Vanquished Creatures
  Grinder (D:3)
  A centaur (D:4)
  2 scorpions (D:4)
  3 hounds
  An orc priest (D:4)
  Jessica (D:3)
  2 orc wizards (D:5)
  2 gnolls (D:5)
  5 adders
  A ribbon worm (D:3)
  2 dart slugs
  5 orcs
  6 ball pythons
  11 endoplasms
  A giant cockroach (D:1)
  9 goblins
  4 hobgoblins
  2 quokkas
  9 bats
  4 frilled lizards
  8 kobolds
  7 rats
87 creatures vanquished.

Table legend: (Time is in decaauts)
 A = Elapsed time spent in this place.
 B = Non-inter-level travel time spent in this place.
 C = Inter-level travel time spent in this place.
 D = Time resting spent in this place.
 E = Time spent auto-exploring this place.
 F = Levels seen in this place.
 G = Mean time per level.
                   A        B        C        D        E       F      G
               +--------+--------+--------+--------+--------+-----+--------+
         Total |   3300 |   3196 |    104 |    131 |   2451 |   6 |  550.0 |
       Dungeon |   3271 |   3179 |     92 |    131 |   2451 |   5 |  654.2 |
        Temple |     28 |     16 |     12 |      0 |      0 |   1 |   28.0 |
               +--------+--------+--------+--------+--------+-----+--------+

Top non-repeatable levels by time:
     D:1: 870 daAuts
     D:3: 837 daAuts
     D:2: 783 daAuts
     D:4: 634 daAuts
     D:5: 146 daAuts
  Temple: 28 daAuts

Table legend:
 A = Non-vault XP
 B = Vault XP
 C = Vault XP percentage of total XP
 D = Non-vault monster count
 E = Vault monster count
 F = Vault count percentage of total count
                 A         B        C        D         E       F
            +---------+---------+-------+---------+---------+-------
      Total |     712 |     321 |  31.1 |      78 |       9 |  10.3
            +---------+---------+-------+---------+---------+-------
        D:1 |      42 |       0 |   0.0 |      28 |       0 |   0.0
        D:2 |      57 |      14 |  19.7 |      20 |       2 |   9.1
        D:3 |      28 |     307 |  91.6 |       7 |       7 |  50.0
        D:4 |     400 |       0 |   0.0 |      16 |       0 |   0.0
        D:5 |     185 |       0 |   0.0 |       7 |       0 |   0.0
            +---------+---------+-------+---------+---------+-------
